 Dungeon Crawl Stone Soup version 0.28-a0-1567-g1695149f81 (webtiles) character file.

Game seed: 5645105215866111857

165 Pin the Chopper (level 5, -2/48 HPs)
             Began as a Hill Orc Monk on Jan 20, 2022.
             Slain by an orc wizard (13 damage)
             ... on level 3 of the Dungeon.
             The game lasted 00:06:59 (4788 turns).

Pin the Chopper (Hill Orc Monk)                     Turns: 4788, Time: 00:07:00

Health: -2/48      AC: 11    Str: 16    XL:     5   Next: 46%
Magic:  5/5        EV:  7    Int: 10    God:
Gold:   189        SH:  0    Dex: 13    Spells: 4/4 levels left

rFire   . . .      SeeInvis .   a - +0 hand axe
rCold   . . .      Faith    .   (no shield)
rNeg    . . .      Spirit   .   q - +0 chain mail
rPois   .          Reflect  .   n - +0 helmet
rElec   .          Harm     .   (no cloak)
rCorr   .          Rampage  .   p - +0 pair of gloves
Will    .....                   (no boots)
Stlth   ..........              (no amulet)
HPRegen 0.16/turn               (no ring)
MPRegen 0.09/turn               (no ring)

@: no status effects
A: no striking features
a: no special abilities


You were on level 3 of the Dungeon.
You visited 1 branch of the dungeon, and saw 3 of its levels.

You collected 189 gold pieces.

Inventory:

Hand Weapons
 a - a +0 hand axe (weapon)
Missiles
 f - 2 throwing nets (quivered)
Armour
 n - a +0 helmet (worn)
 p - a +0 pair of gloves (worn)
 q - a +0 chain mail (worn)
Scrolls
 d - 2 scrolls of identify {unknown}
 e - 3 scrolls of fog {unknown}
 g - a scroll of enchant weapon {unknown}
 k - a scroll of noise {unknown}
 m - a scroll of brand weapon {unknown}
 o - a scroll of teleportation {unknown}
Potions
 c - a potion of ambrosia {unknown}
 h - a potion of mutation {unknown}
 i - a potion of curing {unknown}
 j - a potion of haste {unknown}
 l - 2 potions of attraction {unknown}


   Skills:
 + Level 5.0 Fighting
 + Level 5.6 Axes
 + Level 3.0 Armour
 - Level 2.4 Dodging
 - Level 1.5 Stealth


You had 4 spell levels left.
You didn't know any spells.
Your spell library contained the following spells:

 Spells                   Type           Power      Damage    Failure   Level
 Ozocubu's Armour         Ice            0%         N/A       100%        3
 Ozocubu's Refrigeration  Ice            0%         4d5       100%        7


Dungeon Overview and Level Annotations

Branches:
Dungeon (3/15)

Altars:
Gozag
Qazlal

Shops:
D:2 (


Message History

You barely miss the orc wizard.
The orc wizard points at you and mumbles some strange words.
The puff of flame hits you.
You hit the orc wizard.
The orc wizard is heavily wounded.
The orc wizard hits you but does no damage.
You hit the orc wizard.
The orc wizard is heavily wounded.
You closely miss the orc. You hit the orc but do no damage.
The orc barely misses you.
You hit the orc.
The orc is heavily wounded.
The orc hits you but does no damage.
The orc wizard gestures wildly while chanting.
The orc wizard flickers and vanishes!
Deactivating autopickup; reactivate with Ctrl-A.
You slash the orc!
You kill the orc!
You hit the orc wizard.
The orc wizard is almost dead.
You hit the orc wizard.
You kill the orc wizard!
Your Fighting skill increases to level 5!
Your Armour skill increases to level 3!
You slash the orc!
You kill the orc!
You miss something. Something hits you.
You are electrocuted!
You miss something. Something hits you but does no damage.
You are electrocuted!
Something hits you but does no damage.
You barely miss something. Something hits you but does no damage.
You are electrocuted!
* * * LOW HITPOINT WARNING * * *
You closely miss something. Something hits you.
* * * LOW HITPOINT WARNING * * *
You hit something. Something hits you but does no damage.
You closely miss something. Something hits you.
* * * LOW HITPOINT WARNING * * *
You miss something. Something hits you but does no damage.
You are electrocuted!
You die...

### ## #.. .##
###.###..#
##.....##.#
#.8...8.#{##
###.......#@)#
#....._......#
#.#.......#..#
#.8...8.##.#
##.....## .#
###.### .# #
#.# .# .
######.# $. .
#......#


There were no monsters in sight!

Vanquished Creatures
  A bullfrog skeleton (D:3)
  An orc wizard (D:3)
  Robin (D:3)
  An adder (D:2)
  2 worms
  2 orcs (D:3)
  7 ball pythons
  9 endoplasms
  3 giant cockroaches
  14 goblins
  12 hobgoblins
  4 quokkas
  7 bats
  4 frilled lizards
  6 kobolds
  4 rats
78 creatures vanquished.

Vanquished Creatures (others)
  3 plants (D:1)
3 creatures vanquished.

Grand Total: 81 creatures vanquished

Notes
Turn   | Place    | Note
-------+----------+-------------------------------------------
     0 | D:1      | Pin the Hill Orc Monk began the quest for the Orb.
     0 | D:1      | Reached XP level 1. HP: 19/19 MP: 1/1
   281 | D:1      | Reached XP level 2. HP: 17/27 MP: 2/2
   476 | D:1      | Reached skill level 1 in Armour
  1067 | D:1      | Reached XP level 3. HP: 31/33 MP: 3/3
  2241 | D:2      | Reached XP level 4. HP: 32/41 MP: 4/4
  2481 | D:2      | Found Eklo's Antique Weapon Boutique.
  2657 | D:2      | Reached skill level 5 in Axes
  3208 | D:2      | Found a faded altar of an unknown god.
  3335 | D:3      | Noticed Robin
  3346 | D:3      | Killed Robin
  3357 | D:2      | HP: 1/41 [goblin[Robin] (2)]
  4046 | D:3      | Noticed an air elemental
  4048 | D:3      | Noticed an earth elemental
  4050 | D:3      | Found a stormy altar of Qazlal.
  4062 | D:3      | Noticed a water elemental
  4062 | D:3      | Noticed a fire elemental
  4511 | D:3      | Reached XP level 5. HP: 22/47 MP: 5/5
  4756 | D:3      | Found an opulent altar of Gozag.
  4781 | D:3      | Reached skill level 5 in Fighting
  4788 | D:3      | Slain by an orc wizard

Illustrated notes

Levels and vault maps discovered:
D:1:      mrwooster_arrival_statue_2, layout_basic, serial_forest,
          infiniplex_forest_clump_double, infiniplex_forest_end_2,
          infiniplex_forest_straight_2, infiniplex_forest_clump_curved,
          infiniplex_forest_end_1, infiniplex_forest_straight_2
D:2:      layout_basic, serial_shops, shop, dilly_ecumenical_altar_fadedgnrine,
          kennysheep_generic_room_5
D:3:      layout_loops_cross, grunt_gozag_statues,
          nicolae_qazlal_style_of_elements, serial_shops,
          nicolae_shop_waterfront, grunt_decor_resistance,
          chequers_serial_rivers_large_b, kennysheep_nub, uniq_sigmund,
          uniq_robin

Skill      XL: |  1  2  3  4  5 |
---------------+----------------+-----
Armour         | 1 2 3 |  3.0
Fighting       | 4 5 |  5.0
Axes           | 5 |  5.6
Dodging        | |  2.4
Stealth        | |  1.5

Action                   |  1- 3 |  4- 6 || total
-------------------------+-------+-------++-------
Melee: Hand axe          |   143 |   136 ||   279
       Punch             |     1 |     1 ||     2
 Stab: Sleeping          |     6 |     3 ||     9
Armor: Robe              |    31 |    15 ||    46
       Chain mail        |       |     7 ||     7
Dodge: Dodged            |    92 |    63 ||   155

Table legend: (Time is in decaauts)
 A = Elapsed time spent in this place.
 B = Non-inter-level travel time spent in this place.
 C = Inter-level travel time spent in this place.
 D = Time resting spent in this place.
 E = Time spent auto-exploring this place.
 F = Levels seen in this place.
 G = Mean time per level.
                   A        B        C        D        E       F      G
               +--------+--------+--------+--------+--------+-----+--------+
         Total |   4835 |   4769 |     66 |   1134 |   3013 |   3 | 1611.7 |
       Dungeon |   4835 |   4769 |     66 |   1134 |   3013 |   3 | 1611.7 |
               +--------+--------+--------+--------+--------+-----+--------+

Top non-repeatable levels by time:
     D:2: 2363 daAuts
     D:1: 1567 daAuts
     D:3: 904 daAuts
